 Dungeon Crawl Stone Soup version 0.19-a0-379-ge33ada3 (webtiles) character file.

2013 Mysteryquy the Shield-Bearer (level 9, 0/55 HPs)
             Began as a Gargoyle Fighter on May 30, 2016.
             Slain by an orc warrior
             ... wielding a +0 glaive
              (7 damage)
             ... on level 6 of the Dungeon.
             The game lasted 00:11:16 (5936 turns).

Mysteryquy the Shield-Bearer (Gargoyle Fighter)     Turns: 5936, Time: 00:11:17

Health: 0/55       AC: 14    Str: 23    XL:     9   Next: 22%
Magic:  9/9        EV: 10    Int:  9    God:
Gold:   226        SH: 11    Dex:  9    Spells: 0 memorised, 8 levels left

rFire  . . .     SeeInvis .     G - +0 flail (holy)
rCold  . . .     Gourm    .     b - +0 scale mail
rNeg   + . .     Faith    .     c - +0 shield
rPois  ∞         Spirit   .     (no helmet)
rElec  +         Dismiss  .     w - +0 cloak
rCorr  .         Reflect  .     (no gloves)
SustAt .         Harm     .     (no boots)
MR     +....     Rnd*Tele +     (no amulet)
Stlth  ..........               o - ring of teleportation (curse)
                                i - ring of protection from magic

@: somewhat resistant to hostile enchantments, extremely unstealthy
A: negative energy resistance 1, electricity resistance, unbreathing,
petrification resistance, rot immunity, AC +5
a: no special abilities


You were on level 6 of the Dungeon.
You were hungry.

You visited 1 branch of the dungeon, and saw 6 of its levels.

You collected 226 gold pieces.

Inventory:

Hand Weapons
 a - a +0 flail
 G - a +0 flail of holy wrath (weapon)
Armour
 b - a +0 scale mail (worn)
 c - a +0 shield (worn)
 w - a +0 cloak (worn)
Jewellery
 i - a ring of protection from magic (left hand)
 o - a cursed ring of teleportation (right hand)
 y - an uncursed ring of flight {unknown}
 E - an uncursed amulet of faith {unknown}
Wands
 x - a wand of confusion (13/48)
 H - a wand of random effects (28/48)
Scrolls
 g - a scroll of teleportation
 j - 5 scrolls of remove curse
 k - 2 scrolls of fog {unknown}
 p - 2 scrolls of amnesia {unknown}
 r - a scroll of enchant armour {unknown}
 t - 2 scrolls of immolation {unknown}
 z - a scroll of magic mapping {unknown}
 A - a scroll of random uselessness {unknown}
 B - 2 scrolls of blinking {unknown}
 F - 4 scrolls of identify {unknown}
 J - a scroll of summoning {unknown}
Potions
 d - a potion of beneficial mutation {unknown}
 e - 2 potions of flight {unknown}
 h - a potion of ambrosia {unknown}
 l - 2 potions of heal wounds {unknown}
 s - 3 potions of agility
 v - a potion of cancellation {unknown}
 C - a potion of magic {unknown}
 D - a potion of degeneration {unknown}
 I - a potion of curing {unknown}
 L - a potion of brilliance {unknown}
Comestibles
 f - 6 bread rations
 m - 3 slices of pizza
 n - 12 fruits
 q - 3 meat rations
 u - a beef jerky
 K - a royal jelly


   Skills:
 + Level 5.8 Fighting
 + Level 5.5 Maces & Flails
 + Level 6.0 Armour
 + Level 4.8 Dodging
 + Level 7.2 Shields


You had 8 spell levels left.
You didn't know any spells.

Dungeon Overview and Level Annotations

Branches:
Dungeon (6/15)
 Temple: D:4-7

Altars:
Ashenzari
Fedhas
Gozag
Okawaru
Ru
Xom
Yredelemnul
The Shining One

Annotations:
D:4 Pikel


Innate Abilities, Weirdness & Mutations

You are resistant to torment.
Your stone body is resilient (AC +5).
You are immune to poison.
You resist negative energy. (rN+)
You are resistant to electric shocks. (rElec)
You can survive without breathing.
You are immune to petrification.
You are immune to rotting.


Message History

The orc warrior is moderately wounded.
You block the orc warrior's attack. You block the orc's attack.
You hit the orc warrior but do no damage.
The orc warrior is moderately wounded.
The orc warrior closely misses you. You block the orc's attack.
You hit the orc warrior but do no damage.
The orc warrior is moderately wounded.
The orc warrior misses you. The orc hits you but does no damage.
You hit the orc warrior but do no damage.
The orc warrior is moderately wounded.
You block the orc warrior's attack. You block the orc's attack.
Your shield prevents you from hitting the orc warrior.
The orc warrior is moderately wounded.
The orc hits you but does no damage. The orc warrior hits you with a glaive!
* * * LOW HITPOINT WARNING * * *
You hit the orc warrior but do no damage.
The orc warrior is moderately wounded.
The orc misses you.
The orc warrior hits you from afar with a glaive!
You die...

## ..
#####.#####
#..!...@)o#
#.###.###o#
.. #...#
#####†#.#
#...S≈##
#..o≈≈#
#Yo≈≈≈#
...o.≈≈≈≈#
....≈≈≈≈.#


You could see an orc warrior and an orc.

Vanquished Creatures
  Sigmund (D:5)
  Menkaure (D:4)
  Edmund (D:4)
  2 sky beasts (D:5)
  2 slaves (D:4)
  An ogre (D:6)
  A centaur (D:5)
  A giant frog (D:6)
  2 scorpions
  5 killer bees
  3 crimson imps (D:5)
  A giant frog zombie (D:5)
  3 hounds (D:5)
  A gnoll shaman (D:5)
  An orc priest (D:5)
  Crazy Yiuf (D:2)
  An orc wizard (D:5)
  Jessica (D:2)
  Ijyb (D:2)
  Terence (D:3)
  Natasha (thrice) (D:3)
  3 worker ants
  11 gnolls
  8 adders
  A shadow imp (D:5)
  A worm (D:2)
  2 adder skeletons
  3 dart slugs
  2 giant geckos
  12 orcs
  3 ball pythons (D:6)
  6 giant cockroaches
  5 goblins
  15 hobgoblins
  22 jackals
  4 quokkas
  10 bats
  A giant gecko zombie (D:5)
  8 giant newts
  5 kobolds
  A quokka skeleton (D:6)
  8 rats
165 creatures vanquished.

Notes
Turn   | Place    | Note
--------------------------------------------------------------
     0 | D:1      | Mysteryquy the Gargoyle Fighter began the quest for the Orb.
     0 | D:1      | Reached XP level 1. HP: 14/14 MP: 1/1
   228 | D:1      | Reached XP level 2. HP: 19/19 MP: 2/2
   506 | D:1      | Found a shimmering altar of Xom.
   552 | D:1      | Reached XP level 3. HP: 18/24 MP: 3/3
   620 | D:2      | Noticed Ijyb
   629 | D:2      | Reached skill level 1 in Dodging
   664 | D:2      | Killed Ijyb
   664 | D:2      | Reached XP level 4. HP: 25/29 MP: 4/4
   697 | D:2      | Found an iron altar of Okawaru.
   697 | D:2      | Found an opulent altar of Gozag.
   743 | D:2      | Found a blossoming altar of Fedhas.
   871 | D:2      | Found a faded altar to an unknown god.
   917 | D:2      | Reached skill level 4 in Shields
   965 | D:2      | Noticed Crazy Yiuf
   993 | D:2      | Killed Crazy Yiuf
  1377 | D:2      | Found a glowing golden altar of the Shining One.
  1451 | D:2      | You fall through a shaft!
  1456 | D:3      | Noticed Terence
  1478 | D:3      | Killed Terence
  1478 | D:3      | Reached XP level 5. HP: 30/33 MP: 5/5
  1573 | D:3      | Found a shattered altar of Ashenzari.
  1630 | D:3      | Noticed Natasha
  1634 | D:3      | Killed Natasha
  1790 | D:3      | Noticed Natasha
  1803 | D:3      | Killed Natasha
  1803 | D:3      | Reached XP level 6. HP: 5/38 MP: 6/6
  2013 | D:3      | Noticed Natasha
  2031 | D:3      | Killed Natasha
  2555 | D:2      | Noticed Jessica
  2559 | D:2      | Killed Jessica
  3198 | D:4      | Noticed Menkaure
  3427 | D:4      | Killed Menkaure
  3427 | D:4      | Reached skill level 5 in Shields
  3427 | D:4      | Reached XP level 7. HP: 19/44 MP: 7/7
  3747 | D:4      | Noticed Edmund
  3759 | D:4      | Killed Edmund
  4066 | D:4      | Noticed Pikel
  4176 | D:4      | Found a basalt altar of Yredelemnul.
  4176 | D:4      | Found a sacrificial altar of Ru.
  4245 | D:5      | Entered Level 5 of the Dungeon
  4325 | D:5      | Reached skill level 5 in Fighting
  4325 | D:5      | Reached XP level 8. HP: 45/49 MP: 8/8
  4504 | D:5      | Found a shimmering altar of Xom.
  4520 | D:5      | Reached skill level 5 in Armour
  4685 | D:5      | Reached skill level 6 in Shields
  4894 | D:5      | Found a shimmering altar of Xom.
  5035 | D:6      | Reached skill level 5 in Maces & Flails
  5048 | D:6      | Noticed Sigmund
  5392 | D:5      | Killed Sigmund
  5457 | D:5      | Reached XP level 9. HP: 53/55 MP: 9/9
  5493 | D:5      | Reached skill level 7 in Shields
  5936 | D:6      | Slain by an orc warrior

Vault maps used:
D:1:      lemuel_arrival_muddy, xom_teletrap_fun
D:2:      lemuel_doored_altar, fedhas_altar_fruit_tree,
          grunt_temple_overflow_open, first_bread, ecumenical_altar_1,
          uniq_crazy_yiuf_cottage, uniq_jessica, uniq_iyjb
D:3:      nicolae_ashenzari_panopticon, uniq_terence, uniq_natasha
D:4:      gammafunk_temple_overflow_elements, kennysheep_generic_room_7,
          uniq_edmund, uniq_menkaure, uniq_pikel
D:5:      kennysheep_mini_moat, basic_altar, minivault_1,
          kennysheep_cross_bottleneck
D:6:      portal_sewer_entry_b, uniq_sigmund

Skill      XL: |  1  2  3  4  5  6  7  8  9 |
---------------+----------------------------+-----
Dodging        | 1 2 3 4 |  4.8
Shields        | 4 5 6 7 |  7.2
Fighting       | 4 5 |  5.8
Maces & Flails | 3 4 5 |  5.5
Armour         | 4 5 6 |  6.0

Action                   |  1- 3 |  4- 6 |  7- 9 || total
-------------------------+-------+-------+-------++-------
Melee: Flail             |   123 |   352 |   438 ||   913
  Use: Scroll            |       |     2 |       ||     2
       Potion            |       |       |     2 ||     2
  Eat: Chunk             |       |     9 |     7 ||    16
       Beef jerky        |       |       |     1 ||     1
Armor: Scale mail        |    66 |   191 |   254 ||   511
Dodge: Dodged            |    44 |   117 |   208 ||   369
Block: Shield            |    73 |   180 |   285 ||   538
